 Dungeon Crawl Stone Soup version 0.28.0-53-g5a82cb258f (webtiles) character file.

Game seed: 3607237585011510328

562 safid the Cleaver (level 7, -4/88 HPs)
             Began as a Hill Orc Fighter on Aug 11, 2022.
             Slain by a water moccasin (5 damage)
             ... on level 5 of the Dungeon.
             The game lasted 00:04:53 (5217 turns).

safid the Cleaver (Hill Orc Fighter)                Turns: 5217, Time: 00:04:53

Health: -4/88      AC:  9    Str: 21    XL:     7   Next: 31%
Magic:  7/7        EV:  7    Int:  8    God:
Gold:   216        SH:  4    Dex: 10    Spells: 6/6 levels left

rFire   . . .      SeeInvis .   a - +0 war axe
rCold   . . .      Faith    .   c - +0 buckler
rNeg    . . .      Spirit   .   m - +0 chain mail
rPois   .          Reflect  .   (no helmet)
rElec   .          Harm     .   (no cloak)
rCorr   .          Rampage  .   (no gloves)
Will    .....                   (no boots)
Stlth   ..........              (no amulet)
HPRegen 0.24/turn               (no ring)
MPRegen 0.10/turn               (no ring)

@: berserking, lethally poisoned (-4 -> -7), very quick
A: no striking features
a: no special abilities


You were on level 5 of the Dungeon.
You visited 1 branch of the dungeon, and saw 5 of its levels.
You also visited: Sewer.

You collected 216 gold pieces.

Inventory:

Hand Weapons
 a - a +0 war axe (weapon)
Missiles
 A - 5 poisoned darts (quivered)
Armour
 c - a +0 buckler (worn)
 m - a +0 chain mail (worn)
Jewellery
 d - a ring of fire
Scrolls
 b - 2 scrolls of magic mapping {unknown}
 e - a scroll of noise {unknown}
 f - a scroll of identify {unknown}
 i - 2 scrolls of vulnerability {unknown}
 j - 2 scrolls of amnesia {unknown}
 l - 2 scrolls of fog {unknown}
 o - a scroll of enchant armour {unknown}
 p - a scroll of teleportation {unknown}
 r - a scroll of brand weapon {unknown}
 s - a scroll of summoning {unknown}
 v - a scroll of holy word {unknown}
 y - a scroll of fear {unknown}
Potions
 h - a potion of degeneration {unknown}
 k - a potion of berserk rage
 n - 2 potions of lignification {unknown}
 q - a potion of mutation {unknown}
 t - a potion of brilliance {unknown}
 u - a potion of ambrosia {unknown}
 w - a potion of cancellation {unknown}
 x - a potion of flight {unknown}
 z - a potion of heal wounds {unknown}


   Skills:
 - Level 4.0 Fighting
 + Level 9.4 Axes
 - Level 4.0 Armour
 - Level 4.0 Shields


You had 6 spell levels left.
You didn't know any spells.
Your spell library contained the following spells:

 Spells                   Type           Power      Damage    Failure   Level
 Beastly Appendage        Tmut           0%         N/A       99%         1
 Slow                     Hex            0%         N/A       99%         1
 Wereblood                Tmut           0%         N/A       100%        2
 Confusing Touch          Hex            0%         N/A       100%        3
 Spider Form              Tmut/Pois      0%         N/A       100%        3
 Vampiric Draining        Necr           0%         2d6       100%        3


Dungeon Overview and Level Annotations

Branches:
Dungeon (5/15)              Sewer (visited)
 Temple: D:4-7

Altars:
Zin


Message History

You feel better. You block the water moccasin's attack.
You hit the water moccasin.
The water moccasin is almost dead.
The water moccasin bites you.
* * * LOW HITPOINT WARNING * * *
You are poisoned.
The water moccasin poisons you!
Unknown command.
You barely miss the water moccasin.
The water moccasin is almost dead.
* * * LOW HITPOINT WARNING * * *
You feel very sick. The water moccasin bites you.
* * * LOW HITPOINT WARNING * * *
The water moccasin barely misses you.
It was a potion of berserk rage.
A red film seems to cover your vision as you go berserk!
You feel yourself moving faster!
You feel mighty!
You feel sick.
The water moccasin bites you but does no damage. x2
Unknown command.
Unknown command.
You closely miss the water moccasin.
The water moccasin is almost dead.
You feel sick. The water moccasin bites you.
* * * LOW HITPOINT WARNING * * *
Unknown command.
You are too berserk!
You miss the water moccasin.
The water moccasin is almost dead.
* * * LOW HITPOINT WARNING * * *
You feel sick. The water moccasin bites you.
* * * LOW HITPOINT WARNING * * *
You miss the water moccasin.
The water moccasin is almost dead.
* * * LOW HITPOINT WARNING * * *
You feel sick.
You closely miss the water moccasin.
The water moccasin is almost dead.
The water moccasin barely misses you. The water moccasin bites you.
You die...

♣≈.≈...≈.≈♣
♣≈..≈≈≈..≈♣
♣.≈≈≈≈≈≈≈.♣
#♣.........♣
..
#.♣♣♣♣♣♣♣♣♣.
...5###..#.#
...S.......#
#######S.###
#@.# #..#
##.# .# .#
.# .# .#


You could see a water moccasin.

Vanquished Creatures
  Sigmund (D:4)
  Pargi (Sewer)
  A phantom (D:5)
  3 hounds
  3 adders
  A river rat (D:3)
  An ufetubus (D:5)
  An adder zombie (D:5)
  An adder skeleton (D:4)
  6 worms
  2 dart slugs
  3 orcs (D:4)
  5 bats
  9 endoplasms
  6 giant cockroaches
  3 hobgoblins
  4 jackals
  5 kobolds
  5 quokkas
  9 ball pythons
  3 frilled lizards
  6 goblins
  6 rats
85 creatures vanquished.

Notes
Turn   | Place    | Note
-------+----------+-------------------------------------------
     0 | D:1      | safid the Hill Orc Fighter began the quest for the Orb.
     0 | D:1      | Reached XP level 1. HP: 19/19 MP: 1/1
   137 | D:1      | Reached XP level 2. HP: 24/27 MP: 2/2
   138 | D:1      | Reached skill level 3 in Axes
   695 | D:1      | Reached XP level 3. HP: 30/33 MP: 3/3
  1723 | D:2      | Reached XP level 4. HP: 40/40 MP: 4/4
  1737 | D:2      | Reached skill level 4 in Axes
  2928 | D:3      | Found a glowing drain.
  2932 | Sewer    | Entered a sewer
  3130 | Sewer    | Noticed Pargi
  3141 | Sewer    | Killed Pargi
  3142 | Sewer    | Reached skill level 6 in Axes
  3142 | Sewer    | Reached XP level 5. HP: 31/46 MP: 5/5
  3937 | D:4      | Noticed Sigmund
  3965 | D:4      | Killed Sigmund
  3966 | D:4      | Reached skill level 8 in Axes
  3966 | D:4      | Reached XP level 6. HP: 19/52 MP: 6/6
  4477 | D:4      | Identified the +6 dagger of Kethronyph {antimagic, rN+
                  | Str-5 Int+5}
  5115 | D:5      | Entered Level 5 of the Dungeon
  5120 | D:5      | Reached XP level 7. HP: 59/59 MP: 7/7
  5144 | D:5      | Found a glowing silver altar of Zin.
  5154 | D:5      | Reached skill level 9 in Axes
  5214 | D:5      | HP: 3/88 [water moccasin (3)]
  5215 | D:5      | HP: 1/88 [water moccasin (1)]
  5217 | D:5      | Slain by a water moccasin

Illustrated notes

Levels and vault maps discovered:
D:1:      dpeg_arrival_simpleton_b, layout_loops_corners, minmay_box_of_dots
D:2:      layout_basic, serial_forest, infiniplex_forest_straight_3,
          infiniplex_forest_clump_double, infiniplex_forest_lined_3,
          infiniplex_forest_straight_1, infiniplex_forest_straight_5
D:3:      layout_loops_ring, gup_sewer_entry_spiral, minmay_misc_feat_alley
D:4:      layout_basic, uniq_sigmund
D:5:      layout_loops_ring, mainiacjoe_overflow_paths,
          minmay_temple_entry_enclosed_plants, ebering_ghost_sewer_d,
          uniq_menkaure, uniq_prince_ribbit1

Skill      XL: |  1  2  3  4  5  6  7 |
---------------+----------------------+-----
Axes           | 3 6 8 9 |  9.4
Fighting       | 4 |  4.0
Shields        | 4 |  4.0
Armour         | 4 |  4.0

Action                   |  1- 3 |  4- 6 |  7- 9 || total
-------------------------+-------+-------+-------++-------
Melee: War axe           |    92 |   186 |    30 ||   308
  Use: Potion            |       |     1 |     3 ||     4
Armor: Scale mail        |    45 |       |       ||    45
       Chain mail        |     3 |   113 |    16 ||   132
Dodge: Dodged            |    41 |    60 |    16 ||   117
Block: Buckler           |    17 |    26 |     9 ||    52
